 Dungeon Sprint DCSS version 0.29.1-2-gbd0b4ee654 (webtiles) character file.

Game seed: 14910099987087603698

9 boopmooplesden the Twirler (level 2, -7/25 HPs)
             Began as a Minotaur Gladiator on Nov 27, 2022.
             Mangled by an ogre
             ... wielding a +0 giant club
              (26 damage)
             ... in the Dungeon (Sprint IX: "|||||||||||||||||||||||||||||").
             The game lasted 00:00:08 (295 turns).

boopmooplesden the Twirler (Minotaur Gladiator)      Turns: 295, Time: 00:00:09

Health: -7/25      AC:  3    Str: 18    XL:     2   Next: 6%
Magic:  1/1        EV: 12    Int:  5    God:
Gold:   0          SH:  0    Dex: 11    Spells: 1/1 levels left

rFire   . . .      SeeInvis .   a - +0 quarterstaff
rCold   . . .      Faith    .   (shield currently unavailable)
rNeg    . . .      Spirit   .   b - +0 leather armour
rPois   .          Reflect  .   c - +0 hat
rElec   .          Harm     .   (no cloak)
rCorr   .          Rampage  .   (no gloves)
Will    .....      NoTele   +   (no boots)
Stlth   +.........              (no amulet)
HPRegen 0.08/turn               (no ring)
MPRegen 0.07/turn               (no ring)

@: no status effects
A: horns 2, retaliatory headbutt
a: no special abilities


You were in the Dungeon.
You visited 1 branch

Inventory:

Hand Weapons
 a - a +0 quarterstaff (weapon)
Missiles
 d - 3 throwing nets (quivered)
 e - a javelin
Armour
 b - a +0 leather armour (worn)
 c - a +0 hat (worn)
Scrolls
 k - a scroll of blinking
Potions
 f - a potion of curing
 g - a potion of heal wounds
 h - a potion of haste
 i - 2 potions of magic
 j - a potion of berserk rage


   Skills:
 + Level 2.9 Fighting
 + Level 4.8 Staves
 + Level 2.3 Throwing
 + Level 0.1 Armour
 + Level 4.3 Dodging


You had one spell level left.
You didn't know any spells.
Your spell library was empty.

Dungeon Overview and Level Annotations

Branches:
Dungeon (1/1)

Altars:


Innate Abilities, Weirdness & Mutations

You have a pair of horns on your head.
You reflexively headbutt those who attack you in melee.


Message History

You kill the bat!
You hit the endoplasm but do no damage. The endoplasm freezes you.
You are frozen.
Unknown command.
You hit the endoplasm. You headbutt the endoplasm.
You kill the endoplasm!
The ball python bites you. The ball python grabs you.
The ball python constricts you.
Your Dodging skill increases to level 4!
You hit the ball python.
The ball python is severely wounded.
The ball python bites you. The ball python constricts you.
You closely miss the ball python. You headbutt the ball python.
You kill the ball python!
The dart slug misses you.
Things that are here:
a ball python corpse; a bat corpse You sock the dart slug!
The dart slug is almost dead.
The dart slug closely misses you.
You sock the dart slug!
You kill the dart slug!
You have reached level 2!
You start resting.
You start resting.
HP restored.
You start waiting.
Done waiting.
You open the door.
An ogre, 2 hounds, a jelly and a howler monkey come into view.
The ogre shouts!
The hound barks!
The jelly quivers.
The howler monkey howls!
You barely miss the ogre. The ogre hits you with a +0 giant club.
You hit the ogre but do no damage. You headbutt the ogre!
The ogre is heavily wounded.
The ogre hits you with a +0 giant club!!
Ouch! That really hurt!
You die... ▓▓▓▓▓▓▓▓▓▓▓▓▓▓▓▓▓▓ ▓<...'.÷..@OhhJh.+ ▓▓▓▓▓▓▓▓▓▓▓▓▓▓▓▓▓▓

You could see an ogre, a howler monkey, 2 hounds and a jelly.

Vanquished Creatures
  2 dart slugs (D)
  A ball python (D)
  A bat (D)
  An endoplasm (D)
5 creatures vanquished.

Notes
Turn   | Place    | Note
-------+----------+-------------------------------------------
     0 | D        | boopmooplesden the Minotaur Gladiator began the quest for
                  | the Orb.
     0 | D        | Reached XP level 1. HP: 18/18 MP: 0/0
    16 | D        | Reached XP level 2. HP: 11/25 MP: 1/1
   293 | D        | Noticed an ogre
   293 | D        | Noticed a howler monkey
   295 | D        | Mangled by an ogre

Illustrated notes

Levels and vault maps discovered:
D:        linesprint [early_d, line_temple, items_1, d_10, items_2, lair_1,
          lair_end, items_3, orc_1, orc_end, items_4, d_15, swamp_1, shoals_1,
          snake_1, spider_1, d_20, vaults_1, items_5, swamp_end, shoals_end,
          snake_end, spider_end, vaults_end, d_27, items_6, zot_1, zot_end,
          crypt_end, forest_end, elf_end, slime_end, tomb_end, abyss_end,
          pan_hell_end]

Skill      XL: |  1 |
---------------+----+-----
Staves         | 4 |  4.8
Dodging        | 4 |  4.3
Fighting       | |  2.9
Throwing       | |  2.3
Armour         | |  0.1

Action                   || total
-------------------------++-------
Melee: Quarterstaff      ||    11
       Headbutt          ||     4
Dodge: Dodged            ||     6
